 Dungeon Crawl Stone Soup version 0.29.1-1-gd02db6906a (webtiles) character file.

Game seed: 9700843584848138177

557 xian the Conjurer (level 7, -6/47 HPs)
             Began as a Demonspawn Conjurer on Oct 4, 2022.
             Mangled by a gnoll
             ... wielding a +2 vorpal flail
              (8 damage)
             ... on level 5 of the Dungeon.
             The game lasted 00:06:02 (4832 turns).

xian the Conjurer (Demonspawn Conjurer)             Turns: 4832, Time: 00:06:03

Health: -6/47      AC:  6    Str: 13    XL:     7   Next: 9%
Magic:  14/14      EV: 12    Int: 22    God:
Gold:   205        SH:  0    Dex: 13    Spells: 12/15 levels left

rFire   . . .      SeeInvis .   d - +0 dagger
rCold   . . .      Faith    .   (no shield)
rNeg    . . .      Spirit   .   a - +0 robe
rPois   .          Reflect  .   (helmet restricted)
rElec   .          Harm     .   v - +0 cloak
rCorr   .          Rampage  .   D - +0 pair of gloves
Will    .....                   C - +1 pair of boots
Stlth   +++.......              (no amulet)
HPRegen 0.15/turn               u - +6 ring of strength
MPRegen 0.28/turn               (no ring)

@: no status effects
A: antennae 1, thin skeletal structure 1, demonic guardian 1, magic regeneration
a: no special abilities


You were on level 5 of the Dungeon.
You visited 1 branch of the dungeon, and saw 5 of its levels.

You collected 205 gold pieces.

Inventory:

Hand Weapons
 d - a +0 dagger (weapon)
Missiles
 y - 2 poisoned darts
Armour
 a - a +0 robe (worn)
 v - a +0 cloak (worn)
 C - a +1 pair of boots (worn)
 D - a +0 pair of gloves (worn)
Jewellery
 u - a +6 ring of strength (left hand)
Wands
 w - a wand of flame (27)
Scrolls
 c - 2 scrolls of enchant armour {unknown}
 e - 2 scrolls of immolation
 f - 5 scrolls of identify {unknown}
 i - a scroll of poison {unknown}
 k - 2 scrolls of torment {unknown}
 l - 2 scrolls of fear {unknown}
 m - a scroll of magic mapping {unknown}
 o - 2 scrolls of fog {unknown}
 q - a scroll of noise {unknown}
 r - 2 scrolls of brand weapon {unknown}
 s - a scroll of acquirement {unknown}
 t - a scroll of teleportation {unknown}
Potions
 b - a potion of magic
 g - a potion of invisibility {unknown}
 h - 2 potions of curing {unknown}
 j - 2 potions of heal wounds {unknown}
 n - a potion of degeneration {unknown}
 p - a potion of haste {unknown}
 x - a potion of berserk rage {unknown}
 z - 2 potions of might {unknown}
 A - 2 potions of lignification {unknown}
 B - 2 potions of cancellation {unknown}


   Skills:
 + Level 0.5 Fighting
 + Level 0.6 Short Blades
 + Level 2.0 Dodging
 + Level 3.3 Stealth
 + Level 4.9 Spellcasting
 + Level 6.0 Conjurations


You had 12 spell levels left.
You knew the following spells:

 Your Spells              Type           Power      Damage    Failure   Level
a - Magic Dart            Conj           100%       1d8       1%          1
b - Searing Ray           Conj           64%        2d6       1%          2

Your spell library contained the following spells:

 Spells                   Type           Power      Damage    Failure   Level
 Static Discharge         Conj/Air       18%        3-6/arc   4%          2
 Dazzling Flash           Conj/Hex       36%        N/A       9%          3
 Apportation              Tloc           10%        N/A       11%         1
 Blink                    Tloc           10%        N/A       16%         2
 Fulminant Prism          Conj/Hex       9%         3d7       28%         4
 Iskenderun's Mystic Bla  Conj/Tloc      18%        2d6       28%         4
 Sticky Flame             Conj/Fire      18%        2d4       28%         4
 Lesser Beckoning         Tloc           5%         N/A       30%         3
 Lightning Bolt           Conj/Air       9%         1d21      63%         5
 Dispel Undead            Necr           5%         3d7       71%         4
 Alistair's Intoxication  Tmut/Pois      3%         N/A       96%         5
 Manifold Assault         Tloc           5%         N/A       96%         5
 Maxwell's Capacitive Co  Air            2%         ∞         100%        8


Dungeon Overview and Level Annotations

Branches:
Dungeon (5/15)
 Temple: D:4-7

Altars:
Makhleb
Okawaru
Trog
Xom
Yredelemnul

Annotations:
D:3 2 transporters, tizbic2's ghost, amateur OgSu


Innate Abilities, Weirdness & Mutations

You have a pair of small antennae on your head.
You have a somewhat thin skeletal structure. (Dex +2, Stealth+)
A weak demonic guardian rushes to your aid.
You regenerate magic rapidly.


Message History

The gnoll shouts!
The magic dart hits the gnoll but does no damage.
The gnoll is lightly wounded.
The magic dart hits the gnoll.
The gnoll is lightly wounded.
A gnoll comes into view. It is wielding a +2 vorpal flail.
The magic dart hits the gnoll.
The gnoll is moderately wounded.
The gnoll shouts!
The gnoll barely misses you.
The magic dart hits the gnoll.
The gnoll is severely wounded.
The gnoll misses you.
The magic dart hits the gnoll.
The gnoll is moderately wounded.
The gnoll hits you from afar with a +0 halberd!
The gnoll hits you with a +0 flail! Magic courses through your body.
The gnoll barely misses you. x2
The gnoll closely misses you. The gnoll barely misses you.
The gnoll attacks as you move away! The gnoll hits you with a +0 flail.
Found a dagger.
The gnoll attacks as you move away! The gnoll barely misses you.
The gnoll attacks as you move away! The gnoll hits you with a +0 flail.
Found a copper ring.
You see here a pink potion.
The gnoll attacks as you move away! The gnoll hits you with a +0 flail.
The gnoll attacks as you move away! The gnoll hits you with a +0 flail.
The gnoll attacks as you move away! The gnoll misses you.
The gnoll attacks as you move away! The gnoll hits you with a +0 flail.
The gnoll hits you with a +0 flail. The gnoll attacks as you move away!
The gnoll hits you with a +0 flail. The gnoll hits you but does no damage.
The gnoll attacks as you move away!
The gnoll hits you with a +2 vorpal flail!
* * * LOW HITPOINT WARNING * * *
x2 The gnoll attacks as you move away!
The gnoll hits you with a +0 flail.
* * * LOW HITPOINT WARNING * * *
The gnoll hits you with a +2 vorpal flail!
You die...

###########
#.........#
#.........#
#.........#
#.........##
#.......=.g##
#........gg.#
###......)..#@#
#...........#..#
###.........##...
###....#### ####
###....######
###..!.........
#.............
#.............##
####.....####...


You could see 3 gnolls.

Vanquished Creatures
  2 phantoms (D:5)
  A kobold brigand (D:4)
  A necrophage (D:4)
  A hound (D:5)
  A jelly (D:5)
  3 iguanas
  An orc wizard (D:5)
  A gnoll (D:5)
  2 adders
  A shadow imp (D:5)
  5 dart slugs
  7 orcs
  4 endoplasms
  5 giant cockroaches
  3 goblins (D:1)
  3 hobgoblins
  6 jackals
  5 quokkas
  2 ball pythons
  9 bats
  2 frilled lizards
  7 kobolds
  4 rats
76 creatures vanquished.

Notes
Turn   | Place    | Note
-------+----------+-------------------------------------------
     0 | D:1      | xian the Demonspawn Conjurer began the quest for the Orb.
     0 | D:1      | Reached XP level 1. HP: 13/13 MP: 3/3
     4 | D:1      | Noticed a formicid
     4 | D:1      | Noticed a palentonga
     6 | D:1      | Noticed a gargoyle
     6 | D:1      | Noticed a demigod
     8 | D:1      | Noticed a tengu
     8 | D:1      | Noticed a naga
    10 | D:1      | Noticed a meteoran
    10 | D:1      | Noticed a human
    12 | D:1      | Noticed a demonspawn
    12 | D:1      | Noticed a troll
    14 | D:1      | Noticed a merfolk
    14 | D:1      | Noticed an ogre
    16 | D:1      | Noticed a vine stalker
    16 | D:1      | Noticed a felid
    18 | D:1      | Noticed an octopode
    18 | D:1      | Noticed a draconian
    20 | D:1      | Noticed an elf
    20 | D:1      | Noticed a minotaur
    22 | D:1      | Noticed a vampire
    24 | D:1      | Noticed a spriggan
    24 | D:1      | Noticed a ghoul
    26 | D:1      | Noticed a tengu
    26 | D:1      | Noticed a ghoul
   318 | D:1      | Gained mutation: You have a somewhat thin skeletal
                  | structure. (Dex +2, Stealth+) [demonic ancestry]
   318 | D:1      | Reached XP level 2. HP: 19/19 MP: 3/5
   321 | D:1      | Learned a level 2 spell: Searing Ray
  1404 | D:2      | Gained mutation: A weak demonic guardian rushes to your
                  | aid. [demonic ancestry]
  1404 | D:2      | Reached XP level 3. HP: 24/24 MP: 3/6
  2463 | D:3      | Gained mutation: You have a pair of small antennae on your
                  | head. [demonic ancestry]
  2463 | D:3      | Reached XP level 4. HP: 30/30 MP: 0/8
  2540 | D:3      | Found a transporter.
  2546 | D:3      | Found a transporter.
  2556 | D:3      | Noticed tizbic2's ghost (amateur OgSu)
  2841 | D:3      | Found an iron altar of Okawaru.
  2841 | D:3      | Found a bloodstained altar of Trog.
  2952 | D:3      | Found a sparkling altar of Nemelex Xobeh.
  2954 | D:3      | Found a bloodstained altar of Trog.
  2954 | D:3      | Found a shimmering altar of Xom.
  2956 | D:3      | Found a burning altar of Makhleb.
  2956 | D:3      | Found a radiant altar of Vehumet.
  3021 | D:4      | Reached skill level 5 in Conjurations
  3509 | D:4      | Noticed a necrophage
  3521 | D:4      | Killed a necrophage
  3522 | D:4      | Gained mutation: You regenerate magic rapidly. [demonic
                  | ancestry]
  3522 | D:4      | Reached XP level 5. HP: 26/35 MP: 1/10
  3640 | D:4      | Found a basalt altar of Yredelemnul.
  3698 | D:4      | Found a burning altar of Makhleb.
  4160 | D:5      | Entered Level 5 of the Dungeon
  4160 | D:5      | Noticed a phantom
  4164 | D:5      | Killed a phantom
  4165 | D:5      | Reached XP level 6. HP: 37/41 MP: 7/12
  4505 | D:5      | Reached skill level 6 in Conjurations
  4749 | D:5      | Reached XP level 7. HP: 47/47 MP: 11/14
  4831 | D:5      | HP: 2/47 [gnoll/+0 flail (2)]
  4832 | D:5      | Mangled by a gnoll

Illustrated notes

Levels and vault maps discovered:
D:1:      kb_arrival_jail, layout_basic, amcnicky_mini_rare_corridor_liquid
D:2:      layout_basic
D:3:      layout_rooms, grunt_temple_overflow_bloody_war, doesnt_xom_only_xom,
          gammafunk_ghost_stat_death
D:4:      layout_loops_corners, mainiacjoe_overflow_catwalk_spiral
D:5:      layout_rooms, minmay_temple_entry_offerings, roderic_lattice_a,
          chequers_serial_rivers_large_b

Skill      XL: |  1  2  3  4  5  6 |
---------------+-------------------+-----
Stealth        | 2 3 |  3.3
Spellcasting   | 3 4 |  4.9
Conjurations   | 5 6 |  6.0
Dodging        | 2 |  2.0
Fighting       | |  0.5
Short Blades   | |  0.6

Action                   |  1- 3 |  4- 6 |  7- 9 || total
-------------------------+-------+-------+-------++-------
Melee: Dagger            |     1 |     6 |       ||     7
 Cast: Magic Dart        |    91 |    62 |    23 ||   176
       Searing Ray       |       |     9 |     1 ||    10
  Use: Scroll            |     2 |       |       ||     2
       Potion            |       |       |     1 ||     1
Armor: Robe              |     7 |     3 |     1 ||    11
Dodge: Dodged            |     4 |    22 |    10 ||    36
